 Dungeon Crawl Stone Soup version 0.30-b1-2-g02819fbbbe (webtiles) character file.

Game seed: 14025851354328501085

21262 sking99 the Fighter (level 12, -4/130 HPs)
             Began as an Ogre Fire Elementalist on June 29, 2023.
             Was an Elder of Sif Muna.
             Slain by an ironbound frostheart (17 damage)
             ... in an ice cave.
             The game lasted 00:41:21 (18289 turns).

sking99 the Fighter (Ogre Fire Elementalist)       Turns: 18289, Time: 00:41:21

Health: -4/130     AC:  8    Str: 17    XL:     12   Next: 88%
Magic:  1/26       EV: 29    Int: 18    God:    Sif Muna [****..]
Gold:   440        SH:  0    Dex:  9    Spells: 9/31 levels left

rFire   . . .        D - +2 whip (heavy)
rCold   . . .        (no shield)
rNeg    . . .        E - +0 troll leather armour
rPois   .            (helmet restricted)
rElec   .            g - +2 cloak
rCorr   .            (gloves unavailable)
SInv    .            (boots unavailable)
Will    ++...        k - amulet of the acrobat
Stlth   +            s - +5 ring of evasion
HPRegen 1.21/turn    e - ring of willpower
MPRegen 0.20/turn

%: acrobat
@: brilliant, frozen, acrobatic, very slow
A: large, unfitting armour, tough skin 1
a: Renounce Religion, Channel Magic, Forget Spell, Divine Exegesis


You were in an ice cave.
You worshipped Sif Muna.
Sif Muna was greatly pleased with you.
You visited 2 branches of the dungeon, and saw 12 of its levels.
You also visited: Ice Cave.

You collected 687 gold pieces.
You spent 247 gold pieces at shops.

Inventory:

Hand Weapons
 D - a +2 heavy whip (weapon)
Missiles
 m - 2 throwing nets
Armour
 g - a +2 cloak (worn)
 E - a +0 troll leather armour (worn)
Jewellery
 a - a ring of poison resistance
 e - a ring of willpower (right hand)
 h - a ring of fire
 k - an amulet of the acrobat (around neck)
 o - a ring of flight
 r - an amulet of reflection
 s - a +5 ring of evasion (left hand)
 x - an amulet of magic regeneration
Wands
 w - a wand of digging (6)
 A - a wand of flame (11)
 C - a wand of charming (7)
Scrolls
 d - 5 scrolls of magic mapping
 l - 10 scrolls of identify
 u - 2 scrolls of enchant armour
 y - 2 scrolls of teleportation
 z - a scroll of enchant weapon
 F - a scroll of silence {unknown}
Potions
 b - 4 potions of magic
 c - a potion of heal wounds
 f - 2 potions of degeneration {unknown}
 i - 5 potions of brilliance
 j - 3 potions of flight {unknown}
 n - 3 potions of resistance
 p - 2 potions of berserk rage
 q - 5 potions of curing
 t - a potion of attraction {unknown}
 v - 3 potions of might {unknown}
 B - a potion of mutation {unknown}


   Skills:
 + Level 11.4 Fighting
 - Level 1.7 Dodging
 - Level 1.4 Stealth
 + Level 10.0 Spellcasting
 - Level 7.4 Conjurations
 - Level 4.0 Hexes
 - Level 8.0 Transmutations
 - Level 8.0 Fire Magic
 - Level 4.0 Poison Magic
 + Level 7.3 Invocations


You had 9 spell levels left.
You knew the following spells:

 Your Spells              Type           Power      Damage    Failure   Level
a - Foxfire               Conj/Fire      100%       2x1d9     1%          1
b - Scorch                Fire           100%       2d9       1%          2
c - Searing Ray           Conj           100%       2d8       1%          2
d - Flame Wave            Conj/Fire      53%        2d13      4%          4
e - Volatile Blastmotes   Fire/Tloc      70%        2d15      5%          3
f - Yara's Violent Unrav  Hex/Tmut       23%        3d10      22%         5
g - Alistair's Intoxicat  Tmut/Pois      30%        N/A       22%         5

Your spell library contained the following spells:

 Spells                   Type           Power      Damage    Failure   Level
 Inner Flame              Hex/Fire       46%        N/A       2%          3
 Tukima's Dance           Hex            35%        N/A       5%          3
 Apportation              Tloc           26%        N/A       10%         1
 Necrotise                Necr           52%        1d6       10%         1
 Summon Small Mammal      Summ           52%        N/A       10%         1
 Portal Projectile        Hex/Tloc       48%        N/A       13%         3
 Call Canine Familiar     Summ           13%        N/A       28%         3
 Leda's Liquefaction      Hex/Erth       12%        N/A       38%         4
 Passage of Golubria      Tloc           13%        N/A       67%         4


Dungeon Overview and Level Annotations

Branches:
Dungeon (11/15)            Temple (0/1) D:7            Lair (0/5) D:11
    Orc (1/2) D:10          IceCv (1/1)

Altars:
Ashenzari
Cheibriados
Fedhas
Makhleb
Nemelex Xobeh
Okawaru
Ru
Sif Muna
Trog
Uskayaw
Xom
The Shining One

Shops:
D:1 :?   D:7 *   D:8 ?

Annotations:
D:9 2 transporters, exclusion: ice statue, Batma's ghost, novice GnGl


Innate Abilities, Weirdness & Mutations

You are too large for most types of armour.
You have tough skin. (AC +1)


Message History

Okay, then.
Casting: Flame Wave (mildly dangerous; 4% risk of failure)
Confirm with . or Enter, or press ? or * to list all spells.
Casting: Alistair's Intoxication (dangerous; 24% risk of failure)
Press: ? - help, Dir - look around, f - activate You attempt to intoxicate your foes!
The ironbound frostheart looks rather confused.
The world spins around you! The death yak gores you.
The ironbound frostheart touches the death yak.
The ironbound frostheart freezes the death yak!!
Casting: Alistair's Intoxication (dangerous; 38% risk of failure)
Confirm with . or Enter, or press ? or * to list all spells.
Casting: Flame Wave (dangerous; 10% risk of failure)
Press: ? - help, Dir - look around, f - activate A wave of flame ripples out!
The flame wave engulfs the death yak!
You kill the death yak!
Sif Muna accepts your kill. (Press . to intensify the flame waves.)
Your Spellcasting skill increases to level 10!
Without enough magic to sustain them, the waves of flame dissipate.
The ironbound frostheart completely misses you.
Okay, then.
You feel clever all of a sudden. The ironbound frostheart touches you.
The ironbound frostheart freezes you!!
* * * LOW HITPOINT WARNING * * *
Okay, then.
Press: ? - help, v - describe, . - travel The floor, spattered with blood.
The world stops spinning.
The ironbound frostheart touches the death yak!!
The ironbound frostheart freezes the death yak!!
The ironbound frostheart seems less confused.
The ironbound frostheart calls freezing cold from the walls.
The frost grips you.
* * * LOW HITPOINT WARNING * * *
You are encased in ice.
The ironbound frostheart barely misses you.
The ironbound frostheart touches you!
You die...

#.#≈≈≈≈≈≈≈
##≈#≈##:#
##.#≈≈≈≈≈≈#
##### ))
#.##≈≈≈≈≈≈###
#.##≈≈#≈≈##.##
#..#≈##≈##...#
#..######hY#..#
#...#Y#p#.###.Y#
#...#ph#..# ...p
##..@##..##
.Yh.. ##..###.#
h..p. ##.# .##
.... ..##. ....
.##.# .. #. .#
## .#


You could see a death yak, 2 ironbound frosthearts and a polar bear.

Vanquished Creatures
  4 two-headed ogres
  A death yak (IceCv)
  Pikel (D:7)
  A deep elf pyromancer (D:10)
  3 ugly things
  3 cyclopes
  A manticore (D:7)
  A gargoyle (D:10)
  Maggie (D:9)
  3 rime drakes
  2 trolls
  10 polar bears
  2 hornets (D:9)
  A slime creature (D:7)
  2 shadows (D:9)
  A centaur simulacrum (D:10)
  26 yaks
  A vampire (D:10)
  4 wyverns
  A steam dragon (D:9)
  A water moccasin (D:6)
  2 black bears
  3 orc warriors
  An ice beast (D:6)
  3 ogres
  18 wolves
  A centaur (D:9)
  A lemure (D:7)
  3 kobold brigands
  3 gnoll sergeants (D:9)
  7 bullfrogs
  7 wights (D:9)
  4 killer bees (D:9)
  4 howler monkeys
  6 electric eels
  8 jellies
  5 orc priests
  2 gnoll boudas
  A hound (D:5)
  Natasha (thrice) (D:3)
  2 iguanas (D:6)
  9 orc wizards
  24 gnolls
  11 adders
  A shadow imp (D:7)
  3 white imps
  A howler monkey simulacrum (D:10)
  3 ufetubi
  2 dart slugs
  A worm (D:3)
  39 orcs
  3 endoplasms
  3 giant cockroaches
  3 goblins
  9 hobgoblins
  9 jackals
  18 kobolds
  4 quokkas
  3 ball pythons
  6 bats
  3 frilled lizards
  3 rats
312 creatures vanquished.

Vanquished Creatures (collateral kills)
  3 foxfires (D:8)
3 creatures vanquished.

Vanquished Creatures (others)
  406 foxfires
  41 plants (D:8)
447 creatures vanquished.

Grand Total: 762 creatures vanquished

Notes
Turn   | Place    | Note
-------+----------+-------------------------------------------
     0 | D:1      | sking99 the Ogre Fire Elementalist began the quest for the
                  | Orb.
     0 | D:1      | Reached XP level 1. HP: 16/16 MP: 3/3
    87 | D:1      | Reached skill level 1 in Conjurations
   230 | D:1      | Found Olimp's Magic Scroll Emporium.
   238 | D:1      | Bought a scroll of identify for 22 gold pieces
   316 | D:1      | Reached XP level 2. HP: 26/26 MP: 2/5
   576 | D:1      | Found Rashic Ytzo's Book Shop.
  1333 | D:1      | Learned a level 2 spell: Scorch
  1552 | D:2      | Reached skill level 1 in Fighting
  1613 | D:2      | Reached XP level 3. HP: 33/33 MP: 4/7
  2193 | D:2      | Reached XP level 4. HP: 41/41 MP: 3/8
  3036 | D:3      | Found an iron altar of Okawaru.
  3150 | D:3      | Noticed Natasha
  3176 | D:3      | Killed Natasha
  3177 | D:3      | Reached skill level 2 in Fighting
  3286 | D:3      | Noticed Natasha
  3292 | D:3      | Killed Natasha
  3293 | D:3      | Reached XP level 5. HP: 49/49 MP: 4/9
  3364 | D:3      | Found a sacrificial altar of Ru.
  3391 | D:3      | Noticed Natasha
  3396 | D:3      | Killed Natasha
  3475 | D:4      | Found a sparkling altar of Nemelex Xobeh.
  3790 | D:4      | Found a blossoming altar of Fedhas.
  4055 | D:4      | Reached XP level 6. HP: 59/59 MP: 2/11
  4350 | D:4      | Learned a level 3 spell: Volatile Blastmotes
  4423 | D:4      | Reached skill level 3 in Fighting
  5009 | D:4      | Noticed an orc warrior
  5015 | D:4      | Killed an orc warrior
  5016 | D:4      | Reached XP level 7. HP: 55/67 MP: 3/12
  5081 | D:4      | Found a shimmering blue altar of Sif Muna.
  5091 | D:4      | Got Sif Muna's Catalogue of Blasts
  5093 | D:4      | Became a worshipper of Sif Muna the Loreminder
  5099 | D:4      | Learned a level 4 spell: Flame Wave
  5108 | D:4      | Found a bloodstained altar of Trog.
  5538 | D:4      | Found a shimmering altar of Xom.
  5705 | D:5      | Entered Level 5 of the Dungeon
  6590 | D:5      | Reached skill level 5 in Fire Magic
  6590 | D:5      | Reached skill level 1 in Invocations
  6662 | D:5      | Reached skill level 4 in Fighting
  7074 | D:6      | Reached XP level 8. HP: 78/78 MP: 0/14
  7600 | D:6      | Noticed a +0 dagger
  7601 | D:6      | Found a hide-covered altar of Uskayaw.
  7601 | D:6      | Noticed a +0 dagger
  8009 | D:6      | Reached * piety under Sif Muna
  8043 | D:6      | Found a broken altar of Ashenzari.
  8167 | D:6      | Found a snail-covered altar of Cheibriados.
  8197 | D:6      | Reached skill level 5 in Conjurations
  8446 | D:7      | Reached skill level 5 in Spellcasting
  8620 | D:7      | Reached skill level 5 in Fighting
  8844 | D:7      | Noticed a wyvern
  8851 | D:7      | Killed a wyvern
  9033 | D:7      | Reached XP level 9. HP: 69/88 MP: 6/17
  9504 | D:7      | Found a staircase to the Ecumenical Temple.
  9806 | D:7      | Noticed a manticore
  9976 | D:7      | Noticed a cyclops
  9983 | D:7      | Killed a cyclops
  9984 | D:7      | Reached skill level 6 in Fighting
 10059 | D:7      | Killed a manticore
 10546 | D:7      | Found Akhleoto's General Store.
 10680 | D:7      | Noticed Pikel
 10690 | D:7      | Killed Pikel
 10691 | D:7      | Reached skill level 7 in Fighting
 10691 | D:7      | Reached XP level 10. HP: 83/102 MP: 4/19
 11029 | D:8      | Reached ** piety under Sif Muna
 11327 | D:8      | Learned a level 2 spell: Searing Ray
 11333 | D:8      | Learned a level 5 spell: Yara's Violent Unravelling
 11339 | D:8      | Learned a level 5 spell: Alistair's Intoxication
 12110 | D:8      | Found Nelet's Magic Scroll Boutique.
 12113 | D:8      | Bought 3 scrolls of magic mapping for 225 gold pieces
 12220 | D:8      | Found a burning altar of Makhleb.
 12263 | D:8      | Reached skill level 1 in Transmutations
 12415 | D:9      | Reached skill level 1 in Poison Magic
 12422 | D:9      | Reached skill level 1 in Hexes
 12511 | D:9      | Noticed a two-headed ogre
 12514 | D:9      | Noticed a cyclops
 12515 | D:9      | Noticed an ice statue
 12517 | D:9      | Noticed a cyclops
 12521 | D:9      | Noticed a two-headed ogre
 12546 | D:9      | Found a glowing golden altar of the Shining One.
 12910 | D:9      | Found a transporter.
 12910 | D:9      | Found a transporter.
 12924 | D:9      | Noticed Batma's ghost (novice GnGl)
 12944 | D:9      | Noticed an elephant
 12975 | D:9      | Noticed a fire dragon
 13048 | D:9      | Noticed a two-headed ogre
 13060 | D:9      | Killed a two-headed ogre
 13061 | D:9      | Reached skill level 8 in Fighting
 13199 | D:9      | Noticed an eight-headed hydra
 13546 | D:9      | Noticed Maggie
 13629 | D:9      | Noticed a two-headed ogre
 13637 | D:9      | Paralysed by a hornet for 3 turns
 13637 | D:9      | Noticed a cyclops
 13641 | D:9      | Noticed a deep elf pyromancer
 13646 | D:9      | Noticed a white ugly thing
 13646 | D:9      | Noticed a purple ugly thing
 13888 | D:9      | Reached XP level 11. HP: 103/111 MP: 10/22
 13981 | D:9      | Reached *** piety under Sif Muna
 14148 | D:9      | Noticed a two-headed ogre
 14157 | D:9      | Killed a two-headed ogre
 14259 | D:9      | Identified the +2 ring mail "Qytu" {Dex+2}
 14267 | D:9      | Killed a two-headed ogre
 14452 | D:9      | Killed a white ugly thing
 14623 | D:9      | Killed Maggie
 14777 | D:9      | Noticed a fire crab
 14856 | D:9      | Killed a cyclops
 15038 | D:9      | Noticed a fire dragon
 15049 | D:9      | Killed a purple ugly thing
 15050 | D:9      | Reached skill level 9 in Fighting
 15050 | D:9      | Reached skill level 5 in Transmutations
 15379 | D:10     | Entered Level 10 of the Dungeon
 15429 | D:10     | Noticed a two-headed ogre
 15437 | D:10     | Killed a two-headed ogre
 15438 | D:10     | Reached skill level 5 in Invocations
 15693 | D:10     | Noticed a deep elf pyromancer
 15704 | D:10     | Killed a deep elf pyromancer
 15805 | D:10     | Found a staircase to the Orcish Mines.
 16732 | D:10     | Reached **** piety under Sif Muna
 16735 | D:10     | Reached XP level 12. HP: 123/126 MP: 8/24
 16843 | Orc:1    | Entered Level 1 of the Orcish Mines
 16914 | D:10     | Reached skill level 10 in Fighting
 16958 | D:11     | Found a staircase to the Lair.
 16975 | D:11     | Found a frozen archway.
 16985 | IceCv    | Entered an ice cave
 18000 | IceCv    | Reached skill level 11 in Fighting
 18262 | IceCv    | Noticed an ironbound frostheart
 18262 | IceCv    | Noticed a death yak
 18262 | IceCv    | Noticed an ironbound frostheart
 18263 | IceCv    | Noticed a death yak
 18283 | IceCv    | Killed a death yak
 18284 | IceCv    | Reached skill level 10 in Spellcasting
 18289 | IceCv    | Slain by an ironbound frostheart

Illustrated notes

Levels and vault maps discovered:
D:1:      lemuel_arrival_tunnels, layout_basic, serial_shops,
          nicolae_shop_behind_doors, shop_statue
D:2:      layout_loops_ring
D:3:      layout_rooms, okawaru_ov_weapons_minmay, general_overflow_altar,
          uniq_natasha
D:4:      layout_basic, fedhas_altar_fruit_tree, nemelex_spade_bored_becter,
          lemuel_round_altar, nzn_overflow_gifts_of_might_and_magic,
          dk_vineyard_3
D:5:      layout_basic
D:6:      layout_basic, mainiacjoe_overflow_surrounded_room,
          dancing_weapons_uskayaw, marbit_many_paths
D:7:      minmay_chambers_of_sixes, layout_layer_cave,
          minmay_temple_entry_proselytizer, serial_shops,
          nicolae_shop_tiny_waterfront, uniq_pikel
D:8:      layout_basic, lightli_temple_of_fire, serial_bayou,
          serial_bayou_lake_a, serial_bayou_ford_a, serial_bayou_pond_e,
          serial_bayou_pond_a, serial_shops, nicolae_shop_rolled_up
D:9:      layout_basic, nicolae_tso_carved_into_rock, nzn_ghost_randoct,
          minmay_pinched_square, uniq_maggie
D:10:     layout_gridville, orc_0_dummy, serial_ice, serial_ice_i, serial_ice_a,
          serial_ice_o, serial_ice_n, small_statue_intersection
D:11:     layout_cross, lair_entry_dummy, portal_ice_cave_rime
Orc:1:    layout_diamond_mine, basic_altar, serial_shops,
          nicolae_shop_hallway_plus
IceCv:    ice_cave_caverns_02

Skill      XL: |  1  2  3  4  5  6  7  8  9 10 11 12 |
---------------+-------------------------------------+-----
Conjurations   | 1 2 3 4 5 7 |  7.4
Fire Magic     | 3 4 5 6 7 8 |  8.0
Fighting       | 1 2 3 4 5 7 8 9 11 | 11.4
Spellcasting   | 3 4 5 6 7 8 10 | 10.0
Invocations    | 1 3 5 7 |  7.3
Transmutations | 3 6 8 |  8.0
Poison Magic   | 2 4 |  4.0
Hexes          | 2 4 |  4.0
Dodging        | |  1.7
Stealth        | |  1.4

Action                     |  1- 3 |  4- 6 |  7- 9 | 10-12 || total
---------------------------+-------+-------+-------+-------++-------
  Melee: Unarmed           |     8 |       |       |       ||     8
         Short sword       |       |    12 |       |       ||    12
         Dagger            |       |       |    36 |       ||    36
         Punch             |       |       |     2 |       ||     2
         Whip              |       |       |       |    15 ||    15
   Cast: Foxfire           |    28 |    75 |    63 |    62 ||   228
         Scorch            |    17 |    25 |   100 |   132 ||   274
         Volatile Blastmot |       |     1 |     4 |     6 ||    11
         Flame Wave        |       |       |     7 |    79 ||    86
         Searing Ray       |       |       |       |     8 ||     8
         Alistair's Intoxi |       |       |       |     1 ||     1
 Invoke: Channel Magic     |       |       |       |     3 ||     3
    Use: Scroll            |     1 |    10 |       |    10 ||    21
         Potion            |       |       |       |     2 ||     2
 Armour: Robe              |     6 |     3 |    33 |     3 ||    45
         Troll leather arm |       |       |       |    70 ||    70
  Dodge: Dodged            |    12 |    26 |   138 |   420 ||   596
